 Dungeon Crawl Stone Soup version 0.30-b1-2-g02819fbbbe (webtiles) character file.

Game seed: 2949618885832821146

7960 Metae the Cleaver (level 11, -1/96 (100) HPs)
             Began as a Hill Orc Fighter on June 19, 2023.
             Was a Believer of Beogh.
             Slain by a two-headed ogre
             ... wielding a +0 giant spiked club
              (25 damage)
             ... on level 9 of the Dungeon.
             The game lasted 00:31:49 (10032 turns).

Metae the Cleaver (Hill Orc Fighter)               Turns: 10032, Time: 00:31:52

HP:   -1/96 (100)   AC: 21    Str: 24    XL:     11   Next: 23%
MP:   16/16         EV:  7    Int:  8    God:    Beogh [**....]
Gold: 345           SH:  6    Dex: 10    Spells: 10/10 levels left

rFire   . . .        a - -2 demon whip (venom)
rCold   x . .        c - +0 buckler
rNeg    . . .        C - +0 plate armour
rPois   +            k - +2 hat
rElec   .            T - +0 cloak
rCorr   .            (no gloves)
SInv    +            Q - +2 pair of boots
Will    ++...        s - amulet of faith Stlth
                     r - ring of Tomorrow {rPois rC- Will+ SInv}
HPRegen 0.36/turn    P - ring of willpower
MPRegen 0.15/turn

%: faith
@: lightly drained
A: no striking features
a: Renounce Religion, Smiting


You were on level 9 of the Dungeon.
You worshipped Beogh.
Beogh was pleased with you.
You visited 2 branches of the dungeon, and saw 10 of its levels.
You also visited: Sewer.

You collected 345 gold pieces.

Inventory:

Hand Weapons
 a - a -2 demon whip of venom (weapon)
 b - a +6 heavy sling
 d - a +0 war axe of protection
Missiles
 i - 79 stones (quivered)
 o - 4 datura-tipped darts
 v - 25 poisoned darts
 A - 2 boomerangs of dispersal
 E - a throwing net
 K - 5 boomerangs
Armour
 c - a +0 buckler (worn)
 k - a +2 hat (worn)
 C - a +0 plate armour (worn)
 Q - a +2 pair of boots (worn)
 S - a +4 ring mail of fire resistance
 T - a +0 cloak (worn)
Jewellery
 m - an amulet of the acrobat
 r - the ring of Tomorrow (left hand) {rPois rC- Will+ SInv}
   (You found it on level 7 of the Dungeon)

   [ring of willpower]

   rC:        It makes you vulnerable to cold.
   rPois:     It protects you from poison.
   SInv:      It lets you see invisible.
   Will:      It increases your willpower.
 s - an amulet of faith (around neck)
 y - a ring of poison resistance
 B - an amulet of guardian spirit
 L - a ring of fire
 P - a ring of willpower (right hand)
Wands
 G - a wand of acid (7)
 N - a wand of charming (8)
 O - a wand of iceblast (7)
Scrolls
 e - 2 scrolls of magic mapping {unknown}
 f - 5 scrolls of fog
 h - a scroll of enchant armour {unknown}
 p - a scroll of enchant weapon {unknown}
 x - 5 scrolls of fear
 F - 2 scrolls of teleportation
 H - a scroll of immolation {unknown}
 M - a scroll of poison {unknown}
Potions
 g - 2 potions of cancellation {unknown}
 j - 3 potions of lignification
 l - a potion of heal wounds
 n - a potion of berserk rage {unknown}
 q - a potion of flight {unknown}
 t - 2 potions of haste {unknown}
 u - 6 potions of degeneration
 w - a potion of invisibility {unknown}
 z - 2 potions of brilliance {unknown}
 D - 5 potions of curing {unknown}
 I - a potion of resistance {unknown}
 J - 4 potions of ambrosia {unknown}
 R - 2 potions of attraction {unknown}
 U - a potion of might


   Skills:
 + Level 10.3 Fighting
 - Level 10.6(10.7) Axes
 + Level 2.0(5.9) Maces & Flails
 + Level 9.5 Armour
 + Level 9.5 Shields
 + Level 7.3 Invocations


You had 10 spell levels left.
You didn't know any spells.
Your spell library contained the following spells:

 Spells                   Type           Power      Damage    Failure   Level
 Apportation              Tloc           0%         N/A       99%         1
 Necrotise                Necr           0%         1d4       99%         1
 Slow                     Hex            0%         N/A       99%         1
 Summon Small Mammal      Summ           0%         N/A       99%         1
 Confusing Touch          Hex            0%         N/A       100%        3
 Vampiric Draining        Necr           0%         2d6       100%        3


Dungeon Overview and Level Annotations

Branches:
Dungeon (9/15)             Temple (1/1) D:4           Sewer (visited)
   Lair: D:8-11         Orc: D:9-12

Altars:
Ashenzari
Cheibriados
Dithmenos
Elyvilon
Fedhas
Gozag
Hepliaklqana
Kikubaaqudgha
Makhleb
Okawaru
Qazlal
Ru
Sif Muna
Uskayaw
Wu Jian
Xom
Yredelemnul
Zin
The Shining One


Message History

You block the bullfrog's attack.
You whack the two-headed ogre!
The two-headed ogre looks as sick as possible!
The two-headed ogre is heavily wounded.
The killer bee stings you but does no damage.
The bullfrog hits you. The two-headed ogre barely misses you.
The two-headed ogre hits you with a +0 giant spiked club.
The killer bee stings you but does no damage.
You hit the two-headed ogre.
The two-headed ogre is severely wounded.
You block the bullfrog's attack. The killer bee stings you.
The bullfrog hits you.
The two-headed ogre hits you with a +0 giant spiked club!!
The two-headed ogre hits you with a +0 giant spiked club.
You block the killer bee's attack.
You hit the two-headed ogre.
The two-headed ogre looks as sick as possible!
The two-headed ogre is severely wounded.
The killer bee stings you but does no damage.
The bullfrog hits you but does no damage.
You barely miss the two-headed ogre.
The two-headed ogre is severely wounded.
You block the killer bee's attack.
The bullfrog hits you but does no damage.
The killer bee stings you.
The two-headed ogre hits you with a +0 giant spiked club!
The two-headed ogre hits you with a +0 giant spiked club!!
* * * LOW HITPOINT WARNING * * *
You hit the two-headed ogre but do no damage.
The two-headed ogre is almost dead.
The killer bee stings you but does no damage.
The bullfrog hits you but does no damage.
The killer bee stings you but does no damage.
You hit the two-headed ogre but do no damage.
The two-headed ogre looks as sick as possible!
The two-headed ogre is almost dead.
The bullfrog hits you but does no damage.
The killer bee barely misses you.
The two-headed ogre hits you with a +0 giant spiked club!!
You die...

#.............# #.#
.###..........# #.#
.$.......))...# #.#
....#....))...##.# #.#
....#...).).....####+###
#.#
##########).#####.......
#.# #......#.≈...≈. #.#
#.##..##F..(... #.#
#......@O.?/".. #.#
##########.##y.}.... #.#
#.......).><#.§..$≈. #.#
#.###########....... #.#
#.# #......####+### #.#
#.# #.###### #.#####
#.####.# #..†.<#
#......# #######
########


You could see a two-headed ogre (extremely poisoned), a bullfrog and a killer
bee.

Vanquished Creatures
  2 two-headed ogres (D:8)
  Erica (D:8)
  Amaemon (D:8)
  Joseph (D:7)
  An orange demon (D:8)
  A hornet (D:8)
  A shadow (D:9)
  5 yaks
  3 wyverns
  3 steam dragons
  A water moccasin (D:8)
  An ice beast (D:5)
  2 black bears (D:5)
  4 centaurs
  6 kobold brigands (Sewer)
  A phantom (D:4)
  4 bullfrogs
  A gnoll sergeant (D:9)
  4 scorpions
  4 wights
  5 killer bees
  2 howler monkeys
  A hound (D:5)
  A gnoll bouda (D:8)
  6 iguanas
  8 orc wizards
  22 gnolls
  4 river rats
  13 adders
  3 shadow imps
  An ufetubus (D:6)
  4 worms
  A dart slug (D:3)
  33 orcs
  2 bats
  9 endoplasms
  4 giant cockroaches
  4 goblins
  3 hobgoblins
  2 jackals (D:1)
  4 quokkas
  7 ball pythons
  2 frilled lizards (D:1)
  17 kobolds
  10 rats
215 creatures vanquished.

Vanquished Creatures (others)
  2 orc wizards (D:4)
2 creatures vanquished.

Grand Total: 217 creatures vanquished

Notes
Turn   | Place    | Note
-------+----------+-------------------------------------------
     0 | D:1      | Metae the Hill Orc Fighter began the quest for the Orb.
     0 | D:1      | Reached XP level 1. HP: 19/19 MP: 1/1
   233 | D:1      | Reached XP level 2. HP: 27/27 MP: 2/2
   736 | D:2      | Reached XP level 3. HP: 33/33 MP: 3/3
  1503 | D:3      | Reached XP level 4. HP: 33/40 MP: 4/4
  1525 | D:3      | Found a glowing drain.
  1534 | Sewer    | Entered a sewer
  1553 | Sewer    | Noticed a kobold brigand
  1573 | Sewer    | Killed a kobold brigand
  1574 | Sewer    | Reached XP level 5. HP: 27/47 MP: 5/5
  1768 | Sewer    | Noticed a kobold brigand
  1789 | Sewer    | Killed a kobold brigand
  1790 | Sewer    | Reached skill level 5 in Fighting
  1790 | Sewer    | Reached XP level 6. HP: 39/56 MP: 6/6
  1971 | Sewer    | Reached skill level 5 in Axes
  2050 | Sewer    | Reached skill level 5 in Armour
  2050 | Sewer    | Reached skill level 5 in Shields
  2050 | Sewer    | Reached XP level 7. HP: 56/61 MP: 7/7
  3409 | D:4      | Found a staircase to the Ecumenical Temple.
  3415 | Temple   | Entered the Ecumenical Temple
  4076 | D:4      | Found a shimmering blue altar of Sif Muna.
  4205 | D:4      | Reached XP level 8. HP: 68/71 MP: 8/8
  4259 | D:5      | Entered Level 5 of the Dungeon
  5140 | D:6      | Noticed a wyvern
  5158 | D:6      | Killed a wyvern
  5159 | D:6      | Reached XP level 9. HP: 26/79 MP: 9/9
  5372 | D:6      | Found a white marble altar of Elyvilon.
  5493 | D:6      | Became a worshipper of Beogh the Brigand
  5539 | D:6      | Found a broken altar of Ashenzari.
  5541 | D:6      | Found a stormy altar of Qazlal.
  5628 | D:6      | Reached skill level 1 in Invocations
  6433 | D:7      | Found a snail-covered altar of Cheibriados.
  6816 | D:7      | Identified the ring of Tomorrow {rPois rC- Will+ SInv}
  7120 | D:7      | Noticed Joseph
  7162 | D:7      | Killed Joseph
  7756 | D:8      | Noticed Amaemon
  7757 | D:8      | Noticed an orange demon
  7771 | D:7      | Reached * piety under Beogh
  7774 | D:7      | Reached XP level 10. HP: 59/90 MP: 13/13
  7890 | D:8      | Killed Amaemon
  7895 | D:8      | Killed an orange demon
  7896 | D:8      | Reached skill level 5 in Invocations
  8492 | D:8      | Reached skill level 10 in Axes
  8710 | D:8      | Noticed a two-headed ogre
  8734 | D:8      | Killed a two-headed ogre
  8969 | D:8      | Noticed Erica
  8993 | D:8      | Killed Erica
  8994 | D:8      | Reached skill level 10 in Fighting
  8994 | D:8      | Reached XP level 11. HP: 26/99 MP: 14/16
  9251 | D:8      | Noticed a two-headed ogre
  9261 | D:8      | Killed a two-headed ogre
  9261 | D:8      | Reached ** piety under Beogh
  9262 | D:8      | Reached skill level 1 in Maces & Flails
  9741 | D:9      | Found a shimmering altar of Xom.
  9743 | D:9      | Found a hazy altar of Hepliaklqana.
 10022 | D:9      | Noticed a two-headed ogre
 10032 | D:9      | Slain by a two-headed ogre

Illustrated notes

Levels and vault maps discovered:
D:1:      scummos_arrival_simple_crosswalls, layout_loops_cross,
          minmay_misc_feat_room
D:2:      layout_basic, serial_curves, eino_curves_02, eino_curves_03
D:3:      layout_loops_cross, gup_sewer_entry_bubbles
D:4:      layout_loops_ring, led_sif_book, minmay_temple_entry_hall,
          minmay_misc_feat_x, minmay_small_thing
D:5:      layout_basic
D:6:      layout_basic, elyvilon_altar_3, nicolae_overflow_hidden_temple
D:7:      layout_basic, mainiacjoe_overflow_small_starburst, uniq_joseph
D:8:      layout_cave_pools, uniq_erica, uniq_amaemon
D:9:      layout_basic, regret_index_temple_of_mockery,
          nicolae_overflow_crystal_walls, hellmonk_lair_entry_icy,
          minmay_shop_chei, minmay_liquid_box, serial_bayou_pond_a,
          kennysheep_small_square
Temple:   hc_temple_tempest_star

Skill      XL: |  1  2  3  4  5  6  7  8  9 10 11 |
---------------+----------------------------------+-----
Axes           | 3 4 5 6 7 9 10 | 10.6
Fighting       | 4 5 6 7 8 10 | 10.3
Shields        | 4 5 6 8 9 |  9.5
Armour         | 4 5 6 8 9 |  9.5
Invocations    | 4 6 7 |  7.3
Maces & Flails | 2 |  2.0

Action                     |  1- 3 |  4- 6 |  7- 9 | 10-12 || total
---------------------------+-------+-------+-------+-------++-------
  Melee: War axe           |   103 |    86 |   509 |   111 ||   809
         Demon whip        |       |       |       |    87 ||    87
 Invoke: Convert to Beogh  |       |       |     1 |       ||     1
  Evoke: Wand              |       |       |       |     1 ||     1
    Use: Scroll            |       |       |     7 |     1 ||     8
         Potion            |       |       |     1 |     2 ||     3
 Armour: Scale mail        |     7 |       |       |       ||     7
         Chain mail        |    42 |    44 |   219 |       ||   305
         Plate armour      |       |       |    92 |   184 ||   276
  Dodge: Dodged            |    52 |    35 |   273 |    79 ||   439
  Block: Buckler           |    16 |    14 |   144 |    87 ||   261
